 Dungeon Crawl Stone Soup version 0.24-a0-291-g79c1ce788c (webtiles) character file.

Game seed: 14968288877967529150

5 Jannitor the Shield-Bearer (level 1, -2/11 HPs)
             Began as a Vine Stalker Fighter on May 9, 2019.
             Slain by a worm (7 damage)
             ... on level 2 of the Dungeon.
             The game lasted 00:00:14 (205 turns).

Jannitor the Shield-Bearer (Vine Stalker Fighter)    Turns: 205, Time: 00:00:14

Health: -2/11      AC:  7    Str: 18    XL:     1   Next: 80%
Magic:  0/2        EV:  7    Int:  8    God:
Gold:   24         SH:  9    Dex: 13    Spells: 0/0 levels left

rFire    . . .     SeeInvis .   a - +0 war axe
rCold    . . .     Gourm    .   c - +0 shield
rNeg     . . .     Faith    .   b - +0 scale mail
rPois    .         Spirit   +   h - +0 helmet
rElec    .         Reflect  .   (no cloak)
rCorr    .         Harm     .   (no gloves)
MR       .....                  (no boots)
Stlth    ..........             (no amulet)
HPRegen  0.03/turn              (no ring)
MPRegen  0.08/turn              (no ring)

@: no status effects
A: fangs 2, magic shield, antimagic bite, no potion heal 3, rot immunity
a: no special abilities


You were on level 2 of the Dungeon.
You were not hungry.

You visited 1 branch of the dungeon, and saw 2 of its levels.

You collected 24 gold pieces.

Inventory:

Hand Weapons
 a - a +0 war axe (weapon)
Armour
 b - a +0 scale mail (worn)
 c - a +0 shield (worn)
 h - a +0 helmet (worn)
Scrolls
 e - a scroll of remove curse {unknown}
 j - a scroll of identify {unknown}
 k - a scroll of teleportation {unknown}
Potions
 d - a potion of might
 g - a potion of resistance {unknown}
 l - a potion of lignification {unknown}
Comestibles
 f - 2 rations
 i - 3 chunks of flesh


   Skills:
 + Level 2.7 Fighting
 + Level 1.9 Axes
 + Level 2.5 Armour
 + Level 2.8 Shields


You couldn't memorise any spells.
You didn't know any spells.
Your spell library was empty.

Dungeon Overview and Level Annotations

Branches:
Dungeon (2/15)

Altars:
Qazlal


Innate Abilities, Weirdness & Mutations

You have extremely sharp teeth.
When hurt, damage is shared between your health and your magic reserves.
Your bite disrupts and absorbs the magic of your enemies.
Potions cannot restore your health.
You are immune to rotting.


Message History

A worm comes into view.
Found a stormy altar of Qazlal.
Found an escape hatch in the floor.
Found a scroll labeled ADEMOT DEMME.
The worm bites you.
You are too injured to fight recklessly!
You are too injured to fight recklessly!
You are too injured to fight recklessly!
You are too injured to fight recklessly!
You slash the worm! You bite the worm. You drain its power.
You feel invigorated.
The worm is almost dead.
You block the worm's attack.
Your shield and scale mail prevent you from hitting the worm.
The worm is severely wounded.
You block the worm's attack.
You barely miss the worm. Your bite misses the worm.
The worm is severely wounded.
The worm bites you!
Ouch! That really hurt!
You die...

§.§...... §≈§≈.....
§≈§≈§§..? ≈§≈≈≈...#
≈≈≈≈≈.... ≈>.≈≈...#
§_.≈§..w# ≈§≈≈≈§.@#
≈§≈≈≈≈≈.# §§[≈≈≈≈.#
#####
...≈....###....#
.....?.........####..
.....................
#######...........
..## #........... ..#
#.......#### #.##


You could see a worm.

Vanquished Creatures
  A leopard gecko (D:2)
  A ball python (D:1)
  2 bats (D:1)
  A kobold (D:2)
5 creatures vanquished.

Notes
Turn   | Place    | Note
-------+----------+-------------------------------------------
     0 | D:1      | Jannitor the Vine Stalker Fighter began the quest for the
                  | Orb.
     0 | D:1      | Reached XP level 1. HP: 11/11 MP: 2/2
   197 | D:2      | Found a stormy altar of Qazlal.
   205 | D:2      | Slain by a worm

Levels and vault maps discovered:
D:1:      evilmike_arrival_fibonacci_small, layout_basic, serial_forest,
          infiniplex_forest_corner_1, infiniplex_forest_straight_3,
          infiniplex_forest_end_1, infiniplex_forest_end_2,
          infiniplex_forest_clump_curved, infiniplex_forest_end_1,
          infiniplex_forest_clump_C
D:2:      layout_basic, nicolae_qazlal_general_emergency, minmay_misc_feat_room,
          serial_bayou_pond_a, chequers_serial_rivers_room_a

Action                   || total
-------------------------++-------
Melee: War axe           ||    15
       Bite              ||     1
Armor: Scale mail        ||    14
Dodge: Dodged            ||     7
Block: Shield            ||    17

Table legend:
 A = Non-vault XP
 B = Vault XP
 C = Vault XP percentage of total XP
 D = Non-vault monster count
 E = Vault monster count
 F = Vault count percentage of total count
                 A         B        C        D         E       F
            +---------+---------+-------+---------+---------+-------
      Total |       8 |       0 |   0.0 |       5 |       0 |   0.0
            +---------+---------+-------+---------+---------+-------
        D:1 |       4 |       0 |   0.0 |       3 |       0 |   0.0
        D:2 |       4 |       0 |   0.0 |       2 |       0 |   0.0
            +---------+---------+-------+---------+---------+-------
